[Event "November 21 Early 2023"]
[Site "https://www.chess.com"]
[Date "2023.11.21"]
[Round "2"]
[White "Lebedev, Artem S."]
[Black "Materia, Marco"]
[Result "0-1"]
[Board "139"]
[TimeControl "180+1"]
[WhiteFideId "34272747"]
[BlackFideId "45150451"]
[WhiteElo "1952"]
[BlackElo "2451"]
[WhiteTeam "RUS"]
[BlackTeam "FRA"]
[WhiteClock "0:00:00"]
[BlackClock "0:00:06"]

1. e4 c5 2. Nf3 e6 3. d4 cxd4 4. Nxd4 Nc6 5. Nc3 Qc7 6. Be3 a6 7. Qd2 b5 8. O-O-O Nf6 9. Bf4 Ne5 10. Nf3 Nxf3 11. gxf3 Qa5 12. Kb1 Be7 13. Rg1 b4 14. Ne2 O-O 15. Bd6 Bxd6 16. Qxd6 Ne8 17. Qe7 Qe5 18. f4 Qc7 19. Ng3 d5 20. Qxb4 Rb8 21. Qa3 Qxf4 22. exd5 exd5 23. Bd3 Be6 24. Rde1 Nf6 25. Qc5 d4 26. Nh5 Nxh5 27. Qxh5 h6 28. Re4 Qxf2 29. Rge1 Rb6 30. Qc5 Rfb8 31. b3 Qxh2 32. Rxd4 g6 33. Rde4 Qg3 34. Qc3 Qg5 35. Qb2 Qe7 36. Bc4 Re8 37. Bxe6 Rxe6 38. Rxe6 fxe6 39. Qe5 Qf7 40. Qe4 Qf5 41. Qe2 e5 42. Qxa6 Qe6 43. Qd3 e4 44. Qe3 h5 45. a4 Kh7 46. Rg1 Qf5 47. Qe1 e3 48. Rf1 Qe6 49. Qe2 Qg4 50. Qd3 e2 51. Rf7+ Kg8 0-1

[Event "November 21 Early 2023"]
[Site "https://www.chess.com"]
[Date "2023.11.21"]
[Round "2"]
[White "Hulka, Valentyn"]
[Black "Pace, Christopher"]
[Result "1-0"]
[Board "140"]
[TimeControl "180+1"]
[WhiteFideId "34107061"]
[BlackFideId "2610167"]
[WhiteElo "2163"]
[BlackElo "2410"]
[WhiteTeam "UKR"]
[BlackTeam "CAN"]
[WhiteClock "0:02:21"]
[BlackClock "0:01:07"]

1. d4 Nf6 2. c4 e5 3. dxe5 Ng4 4. e3 Nxe5 5. f4 Nec6 6. Nc3 Bc5 7. Nd5 d6 8. b3 O-O 9. Bb2 Be6 10. Nf3 Bxd5 11. cxd5 Bb4+ 12. Kf2 Re8 13. dxc6 Nxc6 14. Bb5 Bc5 15. Re1 a6 16. Bxc6 bxc6 17. Bd4 Bb4 18. Re2 c5 19. Bb2 Ba5 20. Qd5 h6 21. Nd2 Bxd2 22. Qxd2 a5 23. e4 a4 24. Kg1 axb3 25. axb3 Rxa1+ 26. Bxa1 Qa8 27. Qe1 Qa3 28. Qc3 f6 29. Bb2 Qa6 30. Qc4+ Qxc4 31. bxc4 Rb8 32. Kf2 Rb4 33. Rc2 Kf7 34. Ke3 Ke6 35. h3 Rb3+ 36. Bc3 c6 37. Kd3 d5 38. exd5+ cxd5 39. Rb2 Rxb2 40. Bxb2 dxc4+ 41. Ke4 f5+ 42. Ke3 g6 43. Be5 Kd5 44. Bg7 h5 45. h4 c3 46. Bxc3 Kc4 47. Kd2 Kd5 48. Bf6 Ke4 49. Bg5 c4 50. Kc3 Ke3 51. Kxc4 Kf2 52. Kd5 Kxg2 53. Ke6 Kf3 54. Kf6 Kg4 55. Kxg6 Kf3 56. Kxh5 Kg3 57. Kg6 Kf2 58. h5 Ke2 59. h6 Kd2 60. h7 Kc2 61. h8=Q Kd2 62. Qf6 Kc2 63. Qxf5+ Kd2 64. Qg4 Kc2 1-0

[Event "November 21 Early 2023"]
[Site "https://www.chess.com"]
[Date "2023.11.21"]
[Round "2"]
[White "Darmanin, Jake"]
[Black "Nazari, Arad"]
[Result "0-1"]
[Board "141"]
[TimeControl "180+1"]
[WhiteFideId "5601061"]
[BlackFideId "12577324"]
[WhiteElo "2119"]
[BlackElo "2100"]
[WhiteTeam "MLT"]
[BlackTeam "IRI"]
[WhiteClock "0:00:10"]
[BlackClock "0:00:07"]

1. e4 c5 2. Nf3 d6 3. c3 Nf6 4. h3 g6 5. Bd3 Bg7 6. Bc2 O-O 7. O-O Nc6 8. d4 e5 9. Re1 Nh5 10. dxc5 dxc5 11. Qxd8 Rxd8 12. Be3 b6 13. Nbd2 Ba6 14. Bb3 Na5 15. Bd5 Bb7 16. b4 Bxd5 17. exd5 cxb4 18. cxb4 Nb7 19. g4 Nf4 20. Bxf4 exf4 21. Rac1 Rxd5 22. Rc7 Nd6 23. Ne4 Nxe4 24. Rxe4 Bf8 25. g5 a5 26. a3 axb4 27. axb4 Rad8 28. h4 Rb5 29. Rb7 Rxb4 30. Rxb4 Bxb4 31. Rxb6 Bd6 32. Kg2 Kg7 33. Kh3 h5 34. gxh6+ Kxh6 35. Kg4 Kg7 36. Ng5 Rd7 37. Kf3 Bc5 38. Rc6 Ba7 39. Ne4 Rb7 40. Kxf4 Rb4 41. Kf3 Rb3+ 42. Kg2 Rb4 43. f3 Rb2+ 44. Kf1 Bb8 45. Rc5 Bf4 46. h5 Be3 47. Rd5 f5 48. Rd7+ Kh6 49. Nf6 Rf2+ 50. Ke1 gxh5 51. Rh7+ Kg6 52. Rxh5 Kxf6 53. Rh3 f4 54. Kd1 Ra2 55. Ke1 Ke5 56. Rh8 Kd4 57. Rd8+ Kc3 58. Rc8+ Kd3 59. Rd8+ Bd4 60. Kf1 Rf2+ 61. Ke1 Rxf3 62. Rd7 Rg3 0-1

[Event "November 21 Early 2023"]
[Site "https://www.chess.com"]
[Date "2023.11.21"]
[Round "2"]
[White "Borsuk, Konstantin"]
[Black "Kozelov, Roman"]
[Result "1-0"]
[Board "142"]
[TimeControl "180+1"]
[WhiteFideId "14113406"]
[BlackFideId "14133377"]
[WhiteElo "2410"]
[BlackElo "2149"]
[WhiteTeam "UKR"]
[BlackTeam "UKR"]
[WhiteClock "0:00:38"]
[BlackClock "0:00:03"]

1. d4 d5 2. c4 e5 3. Nf3 exd4 4. Nxd4 dxc4 5. Nc3 Nf6 6. Bg5 Be7 7. e3 O-O 8. Bxc4 Bd7 9. O-O Nc6 10. Nf3 Bg4 11. h3 Bxf3 12. Qxf3 Ne5 13. Qe2 Nxc4 14. Qxc4 c6 15. e4 Qa5 16. Bh4 Rad8 17. Rad1 Qh5 18. Bg3 Bc5 19. e5 Nd7 20. Rxd7 Rxd7 21. Qxc5 Rd2 22. b4 a6 23. a4 Rfd8 24. Ne4 Rd1 25. Rxd1 Rxd1+ 26. Kh2 Qf5 27. Qe7 h6 28. Nd6 Qb1 29. Qxf7+ Kh8 30. Qf8+ Kh7 31. Qf5+ Qxf5 32. Nxf5 Rb1 33. e6 Kg6 34. e7 Kf7 35. Bd6 Re1 36. a5 h5 37. Bc5 g6 38. Ne3 Rc1 39. f4 Re1 40. Kg3 Re2 41. Kh4 Re1 42. g4 hxg4 43. hxg4 1-0

[Event "November 21 Early 2023"]
[Site "https://www.chess.com"]
[Date "2023.11.21"]
[Round "2"]
[White "Sadubayev, Airat"]
[Black "ChessLebaneseSalah"]
[Result "1-0"]
[Board "143"]
[TimeControl "180+1"]
[WhiteFideId "13713264"]
[WhiteElo "2137"]
[BlackElo "2406"]
[WhiteTeam "KAZ"]
[WhiteClock "0:00:05"]
[BlackClock "0:00:00"]

1. d4 d5 2. c4 c6 3. cxd5 cxd5 4. Nc3 Nf6 5. Bf4 Nc6 6. Nf3 a6 7. e3 Bg4 8. Qb3 Bxf3 9. gxf3 Ra7 10. Bd3 e6 11. O-O Be7 12. Kh1 Nh5 13. Bg3 Nxg3+ 14. hxg3 h5 15. Kg2 g6 16. Rh1 Kf8 17. Na4 b5 18. Nc5 Na5 19. Qc3 Nc4 20. b3 Nd6 21. Bxg6 h4 22. Bd3 Rc7 23. Qd2 Kg7 24. Nxa6 Ra7 25. Nc5 Ne8 26. Rh3 Nf6 27. Rah1 Ng8 28. Qb2 Bf6 29. g4 Qe7 30. f4 Qd8 31. Qd2 Be7 32. g5 f6 33. f3 fxg5 34. fxg5 Bxg5 35. Nxe6+ Kf7 36. Nxd8+ Bxd8 37. Qc3 Nf6 38. Qc6 Re7 39. Qxb5 Ke6 40. Qc6+ Kf7 41. e4 dxe4 42. Bc4+ Kg6 43. Rxh4 exf3+ 44. Kxf3 Rxh4 45. Rxh4 Bc7 46. Rg4+ 1-0

[Event "November 21 Early 2023"]
[Site "https://www.chess.com"]
[Date "2023.11.21"]
[Round "2"]
[White "Golubenko, Valentina"]
[Black "Pourramezanali, Amirreza"]
[Result "0-1"]
[Board "144"]
[TimeControl "180+1"]
[WhiteFideId "4501993"]
[BlackFideId "12511412"]
[WhiteElo "2126"]
[BlackElo "2302"]
[WhiteTeam "CRO"]
[BlackTeam "IRI"]
[WhiteClock "0:00:03"]
[BlackClock "0:00:39"]

1. d4 g6 2. Nf3 Bg7 3. g3 d6 4. Bg2 Nc6 5. d5 Ne5 6. O-O h5 7. h4 Bg4 8. Nbd2 Qd7 9. Nxe5 Bxe5 10. Nc4 Bg7 11. Bg5 Nf6 12. Qd2 O-O 13. e4 Bh3 14. Rfe1 Bxg2 15. Kxg2 Rfe8 16. Rad1 Ng4 17. Ne3 Nxe3+ 18. Bxe3 Qa4 19. Bd4 e5 20. dxe6 Rxe6 21. Bxg7 Kxg7 22. Qc3+ Kg8 23. Qxc7 Qc6 24. Qxc6 bxc6 25. Rd4 Rb8 26. b3 d5 27. e5 Rbe8 28. Ra4 Rxe5 29. Rxe5 Rxe5 30. Rxa7 Re2 31. c4 dxc4 32. bxc4 Rc2 33. Ra4 Kf8 34. Kf3 Ke7 35. Ke3 Kd6 36. f3 f6 37. Kd4 c5+ 38. Ke3 Ke5 39. Ra6 Rxc4 40. a4 Rc3+ 41. Ke2 Ra3 42. a5 c4 43. f4+ Kf5 44. Ra8 Kg4 45. a6 Kxg3 46. a7 f5 47. Kd2 Kxf4 48. Kc2 Kg4 49. Kb2 Ra4 50. Kc3 Kxh4 51. Rg8 Rxa7 52. Rxg6 f4 53. Kxc4 Rd7 54. Kc3 f3 55. Rf6 Kg3 56. Rg6+ Kf2 57. Rh6 Ke2 58. Rxh5 f2 59. Re5+ Kf1 60. Rf5 Kg2 61. Rg5+ Kf3 62. Rf5+ Ke3 63. Re5+ Kf4 64. Re6 Rf7 0-1

[Event "November 21 Early 2023"]
[Site "https://www.chess.com"]
[Date "2023.11.21"]
[Round "2"]
[White "Szyszylo, Rafal"]
[Black "Poormosavi, Seyed Kian"]
[Result "0-1"]
[Board "145"]
[TimeControl "180+1"]
[WhiteFideId "1109626"]
[BlackFideId "12585807"]
[WhiteElo "1951"]
[BlackElo "2296"]
[WhiteTeam "POL"]
[BlackTeam "IRI"]
[WhiteClock "0:00:00"]
[BlackClock "0:00:15"]

1. e4 c5 2. Nc3 Nc6 3. Bb5 g6 4. Bxc6 dxc6 5. d3 Bg7 6. f4 Nf6 7. Nf3 O-O 8. O-O b6 9. h3 a5 10. Bd2 Ne8 11. e5 Nc7 12. Qe1 Ne6 13. Ne4 Nd4 14. c3 Nxf3+ 15. Rxf3 Qd5 16. Qh4 c4 17. Nf2 Bf5 18. d4 Ra7 19. Re1 b5 20. a3 Rb8 21. Ng4 h5 22. Ne3 Qe6 23. g4 Be4 24. f5 gxf5 25. gxf5 Qh6 26. Rg3 Bd3 27. f6 exf6 28. exf6 Bg6 29. fxg7 Re8 30. Qg5 Qxg7 31. Nf5 Rxe1+ 32. Bxe1 Qf8 33. Nh4 Kh8 34. Qxg6 fxg6 35. Nxg6+ Kg7 36. Nxf8+ Kxf8 37. Rg6 Rc7 38. Bg3 Rc8 39. Rh6 Re8 40. Kf2 Kg7 41. Rxh5 Rf8+ 42. Ke3 Rf1 43. Be5+ Kg6 44. Rh8 Rb1 45. Rc8 Rxb2 46. Rxc6+ Kg5 47. Rb6 Rb3 48. Kd2 Kf5 49. h4 Ke4 50. h5 a4 51. h6 Rb2+ 52. Ke1 Rh2 53. Bg7 Ke3 54. Re6+ Kd3 55. Kf1 Kxc3 56. d5+ Kb3 57. d6 c3 58. d7 c2 59. Rc6 Rd2 60. h7 Rxd7 61. h8=Q Rd1+ 62. Kf2 c1=Q 63. Rc5 Qxc5+ 64. Kg3 Rg1+ 65. Kf4 Qf2+ 66. Ke5 Qb2+ 67. Kd6 Qxg7 68. Qh3+ Qg3+ 69. Qxg3+ Rxg3 70. Kc5 Kxa3 71. Kxb5 Kb3 72. Kc5 a3 0-1

[Event "November 21 Early 2023"]
[Site "https://www.chess.com"]
[Date "2023.11.21"]
[Round "2"]
[White "Jakubowski, Krzysztof"]
[Black "Buchenau, Frank"]
[Result "1-0"]
[Board "146"]
[TimeControl "180+1"]
[WhiteFideId "1112848"]
[BlackFideId "4604350"]
[WhiteElo "2369"]
[BlackElo "2157"]
[WhiteTeam "POL"]
[BlackTeam "GER"]
[WhiteClock "0:00:15"]
[BlackClock "0:00:00"]

1. e4 e6 2. d4 d5 3. Nc3 Nf6 4. e5 Nfd7 5. Nce2 c5 6. c3 Nc6 7. Nf3 Be7 8. a3 a5 9. h4 O-O 10. Nf4 Re8 11. Bd3 Nf8 12. Ng5 h6 13. Qh5 Bxg5 14. hxg5 Qxg5 15. Qe2 cxd4 16. Rh5 Qd8 17. Rh3 f6 18. Nh5 Nxe5 19. cxd4 Nxd3+ 20. Qxd3 e5 21. Rg3 exd4+ 22. Kf1 Qe7 23. Bxh6 b6 24. Rxg7+ Qxg7 25. Bxg7 Ba6 26. Qxa6 Rxa6 27. Nxf6+ Kxg7 28. Nxe8+ Kf7 29. Nc7 Ra7 30. Nxd5 b5 31. Rc1 Ne6 32. g3 Rd7 33. Nb6 Rd6 34. Nc8 Rd5 35. Rc6 d3 36. Ke1 d2+ 37. Kd1 Nc5 38. Rd6 Rxd6 39. Nxd6+ Ke6 40. Nxb5 Nd3 41. Kxd2 Nxf2 42. Nc3 Ke5 43. Ke3 Ng4+ 44. Kd3 Nf2+ 45. Kc4 1-0

[Event "November 21 Early 2023"]
[Site "https://www.chess.com"]
[Date "2023.11.21"]
[Round "2"]
[White "Haitin, Ilja"]
[Black "MKlose11"]
[Result "1/2-1/2"]
[Board "147"]
[TimeControl "180+1"]
[WhiteFideId "4501764"]
[WhiteElo "2221"]
[BlackElo "2664"]
[WhiteTeam "EST"]
[WhiteClock "0:00:02"]
[BlackClock "0:00:16"]

1. Nf3 Nf6 2. g3 c5 3. c4 Nc6 4. Bg2 d6 5. Nc3 g6 6. O-O Bg7 7. d4 cxd4 8. Nxd4 Bd7 9. Nc2 O-O 10. Bd2 Rc8 11. b3 Re8 12. Qc1 Qa5 13. Nd5 Qa6 14. Ncb4 Nxb4 15. Nxb4 Qb6 16. Bc3 a5 17. Nd3 a4 18. Qb2 axb3 19. axb3 Bc6 20. Ba5 Qa7 21. Bc7 Qxa1 22. Qxa1 Rxc7 23. Qa5 Rcc8 24. Nb4 Nd7 25. Nxc6 bxc6 26. b4 Ne5 27. Rc1 h5 28. Qa2 Rb8 29. Rb1 Rb6 30. b5 Reb8 31. Qa4 d5 32. cxd5 cxb5 33. Qe4 b4 34. h3 Bf6 35. f4 Nd7 36. g4 hxg4 37. hxg4 b3 38. g5 Rb4 39. Qd3 Nc5 40. Qd2 Bg7 41. d6 exd6 42. Qxd6 Na4 43. Bd5 Nc3 44. Rxb3 Rxb3 45. Bxb3 Rxb3 46. Qd8+ Bf8 47. f5 Nxe2+ 48. Kf2 Nf4 49. fxg6 Nxg6 50. Qd5 Rb4 51. Qa5 Rf4+ 52. Kg3 Be7 53. Kh3 Rh4+ 54. Kg3 Rh5 55. Qa8+ Kh7 56. Qa1 Rxg5+ 57. Kh3 Bd6 58. Qg7+ Kxg7 1/2-1/2

[Event "November 21 Early 2023"]
[Site "https://www.chess.com"]
[Date "2023.11.21"]
[Round "2"]
[White "GaiozNigalidze"]
[Black "Willy, Stephen"]
[Result "1-0"]
[Board "148"]
[TimeControl "180+1"]
[BlackFideId "30981468"]
[WhiteElo "2662"]
[BlackElo "2139"]
[BlackTeam "USA"]
[WhiteClock "0:00:46"]
[BlackClock "0:00:00"]

1. c4 e5 2. Nc3 Nc6 3. g3 Nf6 4. Bg2 Bc5 5. d3 d6 6. Nf3 h6 7. O-O Be6 8. Na4 Bb6 9. b3 Qd7 10. Bb2 Bh3 11. Nxb6 axb6 12. e3 h5 13. a3 h4 14. Nxh4 Bxg2 15. Kxg2 g5 16. Nf3 Qh3+ 17. Kg1 Ng4 18. Re1 O-O-O 19. b4 Rdg8 20. Qe2 Nxh2 21. Qd1 g4 22. Nxh2 Qxh2+ 23. Kf1 Ne7 24. Ke2 Nf5 25. Rg1 Rh3 26. Qe1 Nxg3+ 27. Kd2 Nf5 28. Kc3 Nh4 29. Qe2 Nf3 30. Rgf1 Kb8 31. Kb3 g3 32. Qxf3 gxf2 33. Qe2 Rg2 34. Bc3 f5 35. a4 e4 36. dxe4 f4 37. exf4 Qxf4 38. Rac1 Re3 39. Qd2 Rgg3 40. Rxf2 Rxc3+ 41. Rxc3 Rxc3+ 42. Kxc3 Qxe4 43. Qc2 Qe3+ 44. Kb2 Qe5+ 45. Ka2 Qd4 46. Rd2 Qe3 47. Rd3 Qe4 48. Rc3 Qd4 49. Qb2 Qe4 50. a5 Ka7 51. axb6+ cxb6 52. Ra3+ Kb8 53. Qh8+ Kc7 54. Qg7+ Kb8 55. Rc3 Qe2+ 56. Ka3 1-0

[Event "November 21 Early 2023"]
[Site "https://www.chess.com"]
[Date "2023.11.21"]
[Round "2"]
[White "Herman, Daniel"]
[Black "Wu, Derek"]
[Result "0-1"]
[Board "149"]
[TimeControl "180+1"]
[WhiteFideId "30935008"]
[BlackFideId "30914558"]
[WhiteElo "1897"]
[BlackElo "2211"]
[WhiteTeam "USA"]
[BlackTeam "USA"]
[WhiteClock "0:00:32"]
[BlackClock "0:00:34"]

1. d4 d5 2. c4 c6 3. cxd5 cxd5 4. Bg5 f6 5. Bd2 Nc6 6. Nc3 e5 7. e4 dxe4 8. d5 Nd4 9. Bc4 Bf5 10. Nge2 e3 11. Bxe3 Nc2+ 12. Kf1 Nxa1 13. Qxa1 Bd6 14. h4 h5 15. Ng3 Bg6 16. Nge4 a6 17. Rh3 Rc8 18. Bb3 Ne7 19. Qd1 Nf5 20. Bc2 O-O 21. Ng3 Nxe3+ 22. fxe3 Qe8 23. Bf5 Bb4 24. Bxc8 Qxc8 25. Nxh5 Qf5+ 26. Qf3 Qxf3+ 0-1

[Event "November 21 Early 2023"]
[Site "https://www.chess.com"]
[Date "2023.11.21"]
[Round "2"]
[White "Tsyhanchuk, Stanislav"]
[Black "Akhmedinov, Satbek"]
[Result "1-0"]
[Board "150"]
[TimeControl "180+1"]
[WhiteFideId "13505130"]
[BlackFideId "13714287"]
[WhiteElo "2173"]
[BlackElo "2120"]
[WhiteTeam "BLR"]
[BlackTeam "KAZ"]
[WhiteClock "0:00:04"]
[BlackClock "0:00:02"]

1. e4 c5 2. Nf3 Nc6 3. c4 e5 4. a3 Nf6 5. Nc3 d6 6. h3 Be7 7. d3 h6 8. Rb1 a5 9. g4 Nd4 10. Nxd4 cxd4 11. Ne2 Nd7 12. Ng3 a4 13. Nf5 Bf6 14. Nxd6+ Kf8 15. Bd2 Nc5 16. Nxc8 Qxc8 17. Bb4 g6 18. Bg2 Kg7 19. O-O h5 20. f4 exf4 21. Rxf4 Ne6 22. Rxf6 Kxf6 23. Qf3+ Kg7 24. Rf1 Qd7 25. Qf6+ Kg8 26. g5 Ra6 27. e5 Ng7 28. Bd6 Nf5 29. Bd5 Rxd6 30. exd6 Nxd6 31. Qxg6+ Kf8 32. Qf6 Rg8 33. g6 Ke8 34. Kh2 Rxg6 35. Qh8+ Ke7 36. Re1+ Re6 37. Bxe6 fxe6 38. Rg1 Nf7 39. Qxh5 Qd6+ 40. Rg3 Qf4 41. Qf3 Qd2+ 42. Rg2 Qh6 43. Qg3 e5 44. h4 Kf8 45. Kh3 Qe6+ 46. Qg4 Qf6 47. Qg3 Qf5+ 48. Kh2 Qh5 49. Rf2 Ke7 50. Kg2 Qh6 51. Qf3 Qg7+ 52. Kh2 Qh7 53. Qf6+ Ke8 54. Rg2 Nd8 55. Rg7 Qxg7 56. Qxg7 Ne6 57. Qg6+ Kd7 58. h5 Nf4 59. Qg7+ Kd6 60. h6 Nxd3 61. h7 Kc5 62. h8=Q Kxc4 63. Qg3 Nxb2 64. Qhxe5 Nd3 65. Qc7+ Nc5 66. Qg8+ Kb5 67. Qd5 b6 68. Qdc6+ Kc4 69. Q7xb6 1-0

[Event "November 21 Early 2023"]
[Site "https://www.chess.com"]
[Date "2023.11.21"]
[Round "2"]
[White "Spichkin, Alexander"]
[Black "Volkov, Maksim"]
[Result "0-1"]
[Board "151"]
[TimeControl "180+1"]
[WhiteFideId "4144074"]
[BlackFideId "54123070"]
[WhiteElo "1968"]
[BlackElo "2293"]
[WhiteTeam "RUS"]
[BlackTeam "RUS"]
[WhiteClock "0:00:50"]
[BlackClock "0:01:39"]

1. f4 d5 2. Nf3 Nf6 3. e3 c5 4. Be2 g6 5. O-O Bg7 6. d3 O-O 7. Kh1 Nc6 8. a4 Qc7 9. Nc3 a6 10. e4 dxe4 11. dxe4 Rd8 12. Qe1 Nd4 13. Bd1 Be6 14. e5 Nd5 15. Ng5 Nxc3 16. bxc3 Nf5 17. Nxe6 fxe6 18. Be2 h5 19. Bc4 Kf7 20. Be3 Qc6 21. a5 Qe4 22. Bd3 Qxe3 23. Bxf5 Qxe1 24. Bxg6+ Kxg6 25. Raxe1 Rd2 26. Re3 h4 27. Rh3 Rh8 28. Kg1 Rxc2 29. Rb1 Kf5 30. Rf3 Rd8 31. Rf2 Rxf2 32. Kxf2 Kxf4 33. Rxb7 Rd2+ 34. Kf1 Bxe5 35. Rxe7 Ke3 36. Ke1 Rxg2 37. Kd1 Kd3 38. Kc1 Kxc3 39. Kd1 Rxh2 40. Rxe6 Bd4 41. Rxa6 Kd3 42. Re6 Rh1+ 43. Re1 Rxe1+ 44. Kxe1 c4 45. a6 h3 0-1

[Event "November 21 Early 2023"]
[Site "https://www.chess.com"]
[Date "2023.11.21"]
[Round "2"]
[White "Piesik, Piotr"]
[Black "Kukreja Sankalp"]
[Result "1-0"]
[Board "152"]
[TimeControl "180+1"]
[WhiteFideId "1136194"]
[BlackFideId "45027676"]
[WhiteElo "2309"]
[BlackElo "2126"]
[WhiteTeam "CZE"]
[BlackTeam "IND"]
[WhiteClock "0:01:33"]
[BlackClock "0:00:43"]

1. Nf3 d5 2. g3 Nf6 3. Bg2 c6 4. O-O Bf5 5. d3 e6 6. Nbd2 h6 7. Qe1 Be7 8. e4 Bh7 9. Qe2 O-O 10. b3 a5 11. a4 c5 12. Bb2 Nc6 13. Ne5 Re8 14. Nxc6 bxc6 15. f4 Qb6 16. Kh1 Rab8 17. Bc3 Nd7 18. Rae1 Bf6 19. Bxf6 Nxf6 20. Qf2 Qb4 21. h3 h5 22. Bf3 Rbc8 23. g4 hxg4 24. hxg4 Rcd8 25. g5 dxe4 26. gxf6 exf3 27. Nxf3 Qxf4 28. fxg7 Rd5 29. Nh2 Qxf2 30. Rxf2 Kxg7 31. Ng4 Bg6 32. Rg2 Rh8+ 33. Kg1 Rg5 34. Ne5 Rxg2+ 35. Kxg2 Rh5 36. Nxc6 Rg5+ 37. Kf2 Rh5 38. Rg1 Rh2+ 39. Rg2 Rxg2+ 40. Kxg2 Bh5 41. Nxa5 Bd1 42. Nb7 c4 43. bxc4 Bxc2 44. Nc5 1-0

[Event "November 21 Early 2023"]
[Site "https://www.chess.com"]
[Date "2023.11.21"]
[Round "2"]
[White "Kuzhylnyi, Oleksandr"]
[Black "Su, Dion"]
[Result "1-0"]
[Board "153"]
[TimeControl "180+1"]
[WhiteFideId "34110500"]
[BlackFideId "2029731"]
[WhiteElo "2173"]
[BlackElo "2397"]
[WhiteTeam "UKR"]
[BlackTeam "USA"]
[WhiteClock "0:00:09"]
[BlackClock "0:00:07"]

1. c4 e5 2. Nc3 Bb4 3. g3 Nf6 4. Bg2 O-O 5. Nf3 d6 6. O-O Nc6 7. d3 a5 8. Bd2 Re8 9. a3 Bc5 10. Rb1 h6 11. Nb5 d5 12. cxd5 Nxd5 13. Qa4 Nb6 14. Qc2 Bf8 15. Rfc1 Bg4 16. Be3 Nd5 17. Bc5 Rc8 18. h3 Bh5 19. Bxf8 Rxf8 20. Qc5 Re8 21. b4 axb4 22. axb4 Nf6 23. Nc3 Bg6 24. Ra1 e4 25. Nh4 exd3 26. Nxg6 fxg6 27. exd3 Qxd3 28. Rd1 Qc2 29. Ra2 Qb3 30. Rb1 Qf7 31. b5 Ne5 32. Bxb7 Rcd8 33. Re2 Nd3 34. Rxe8+ Rxe8 35. Qd4 Ne5 36. Kg2 Kh7 37. Rd1 Nh5 38. Bd5 Qf6 39. Re1 Re7 40. Re3 Ng4 41. Qxg4 Rxe3 42. fxe3 Qxc3 43. Be4 Qd2+ 44. Kf3 Qd1+ 45. Kf2 Qxg4 46. hxg4 Nf6 47. Bf3 g5 48. Ke2 Kg8 49. Kd3 Kf8 50. Kd4 Ke7 51. Ke5 Nd7+ 52. Kf5 Kf7 53. Bd5+ Kf8 54. Ke6 Nf6 55. Bf3 Ke8 56. Bc6+ Kf8 57. e4 Nxg4 58. Kd7 Ne5+ 59. Kxc7 h5 60. b6 h4 61. gxh4 gxh4 62. b7 1-0

[Event "November 21 Early 2023"]
[Site "https://www.chess.com"]
[Date "2023.11.21"]
[Round "2"]
[White "Mushini Ajay"]
[Black "Rosner, Jonas"]
[Result "1-0"]
[Board "154"]
[TimeControl "180+1"]
[WhiteFideId "35066188"]
[BlackFideId "24608513"]
[WhiteElo "2162"]
[BlackElo "2394"]
[WhiteTeam "IND"]
[BlackTeam "GER"]
[WhiteClock "0:00:15"]
[BlackClock "0:00:00"]

1. e4 e5 2. Nf3 Nc6 3. Bb5 a6 4. Ba4 Nf6 5. d3 b5 6. Bb3 Be7 7. a4 b4 8. a5 O-O 9. O-O d6 10. h3 Rb8 11. c3 bxc3 12. bxc3 Be6 13. Bxe6 fxe6 14. Nbd2 Qe8 15. Qa4 Nh5 16. g3 Rb5 17. Qc4 Qd7 18. d4 d5 19. Qe2 exd4 20. cxd4 Nf6 21. exd5 Qxd5 22. Nc4 Qe4 23. Re1 Qxe2 24. Rxe2 Nd5 25. Kg2 Rxf3 26. Rxe6 Nxd4 27. Rxa6 Rf8 28. Ne3 Nb4 29. Ra7 Bd6 30. Bd2 Nbc6 31. Ra6 Nb8 32. Ra8 Rb2 33. Be1 Nc2 34. Nc4 Rb3 35. Rc1 Nd4 36. a6 Bc5 37. Ne3 Bb6 38. a7 Nbc6 39. Rxf8+ Kxf8 40. a8=Q+ Kf7 41. Rxc6 Nxc6 42. Qxc6 Bxe3 43. Qd5+ 1-0

[Event "November 21 Early 2023"]
[Site "https://www.chess.com"]
[Date "2023.11.21"]
[Round "2"]
[White "Pein, Jonathan"]
[Black "Golubev, Mikhail"]
[Result "1-0"]
[Board "155"]
[TimeControl "180+1"]
[WhiteFideId "417092"]
[BlackFideId "14100983"]
[WhiteElo "2192"]
[BlackElo "2352"]
[WhiteTeam "ENG"]
[BlackTeam "UKR"]
[WhiteClock "0:00:08"]
[BlackClock "0:00:00"]

1. b3 d6 2. Bb2 Nd7 3. d4 Ngf6 4. g3 g6 5. Bg2 Bg7 6. Nf3 O-O 7. O-O a5 8. a3 a4 9. b4 d5 10. Nbd2 Nb6 11. Ne5 c6 12. Rc1 Be6 13. Re1 Qc8 14. c4 dxc4 15. Ndxc4 Nxc4 16. Nxc4 Qc7 17. e4 Rfd8 18. Qe2 Bxc4 19. Qxc4 Qd7 20. h3 e6 21. Red1 Ne8 22. Rc2 Nc7 23. Rcd2 Nb5 24. h4 h5 25. Bh3 Qe7 26. Rd3 Rd7 27. Ba1 Rad8 28. d5 exd5 29. exd5 Rxd5 30. Rxd5 Rxd5 31. Rxd5 cxd5 32. Qxd5 Nc7 33. Qd1 Bxa1 34. Qxa1 b5 35. Qd4 Qe1+ 36. Kg2 Ne6 37. Bxe6 Qxe6 38. Qc5 Qe4+ 39. Kg1 Qd3 40. Qe3 Qxe3 41. fxe3 Kg7 42. Kf2 Kf6 43. Ke2 Ke5 44. Kd3 f6 45. e4 f5 46. exf5 Kxf5 47. Kd4 Kg4 48. Kc5 Kxg3 49. Kxb5 Kxh4 50. Kxa4 g5 51. b5 g4 52. b6 g3 53. b7 g2 54. b8=Q g1=Q 55. Qd8+ Qg5 56. Qd3 Qg4+ 57. Kb5 Qg3 58. Qc4+ Kh3 59. a4 h4 60. a5 Qg5+ 61. Qc5 Qxc5+ 62. Kxc5 Kg3 63. a6 h3 64. a7 h2 65. a8=Q Kf2 66. Qh1 1-0

[Event "November 21 Early 2023"]
[Site "https://www.chess.com"]
[Date "2023.11.21"]
[Round "2"]
[White "Sliwicki, Damian"]
[Black "Goryachkina, Aleksandra"]
[Result "0-1"]
[Board "156"]
[TimeControl "180+1"]
[WhiteFideId "1127128"]
[BlackFideId "4147103"]
[WhiteElo "1992"]
[BlackElo "2475"]
[WhiteTeam "POL"]
[BlackTeam "FID"]
[WhiteClock "0:00:08"]
[BlackClock "0:00:10"]

1. e4 c6 2. Nc3 d5 3. Nf3 dxe4 4. Nxe4 Nf6 5. Nxf6+ exf6 6. d4 Bd6 7. Bd3 O-O 8. O-O Bg4 9. h3 Bh5 10. c3 Nd7 11. Bc2 Re8 12. Qd3 Bg6 13. Qd2 Nf8 14. Nh4 Bc7 15. f4 Bxc2 16. Qxc2 g6 17. f5 Qd6 18. Bf4 Qd7 19. Bxc7 Qxc7 20. fxg6 hxg6 21. Rxf6 Qg3 22. Qf2 Qxf2+ 23. Rxf2 Re7 24. Raf1 Rae8 25. Nf3 Nd7 26. g4 Kg7 27. g5 a5 28. Kg2 Re2 29. Nd2 Nb6 30. Nf3 Nc4 31. Kg1 a4 32. b3 axb3 33. axb3 Nd6 34. Ne5 Re3 35. Nxf7 Rg3+ 36. Kh2 Ree3 37. Rf6 Rxh3+ 38. Kg2 Reg3+ 39. Kf2 Nxf7 40. Ke2 Nxg5 41. Rd6 Re3+ 42. Kd2 Ne4+ 0-1

[Event "November 21 Early 2023"]
[Site "https://www.chess.com"]
[Date "2023.11.21"]
[Round "2"]
[White "Wadsworth, Matthew J"]
[Black "Sharafiev, Azat"]
[Result "1-0"]
[Board "157"]
[TimeControl "180+1"]
[WhiteFideId "415804"]
[BlackFideId "4186214"]
[WhiteElo "2266"]
[BlackElo "2306"]
[WhiteTeam "ENG"]
[BlackTeam "RUS"]
[WhiteClock "0:01:07"]
[BlackClock "0:00:24"]

1. e4 c5 2. Nf3 d6 3. Be2 e5 4. O-O Nc6 5. Nc3 g6 6. Bc4 Bg7 7. d3 Nge7 8. Re1 O-O 9. Nd2 Be6 10. Nf1 Qd7 11. Ne3 f5 12. Bxe6+ Qxe6 13. Ned5 Rac8 14. Bg5 h6 15. Bxe7 Nxe7 16. Nxe7+ Qxe7 17. Nd5 Qg5 18. c4 f4 19. Qf3 Rf7 20. h3 Qh4 21. Qg4 Qxg4 22. hxg4 f3 23. gxf3 Kh7 24. Kg2 Rcf8 25. Re3 h5 26. gxh5 gxh5 27. Rh1 Kg6 28. Rh3 Bh6 29. Re1 Bg5 30. Reh1 h4 31. Ne3 Bxe3 32. fxe3 a6 33. Kf2 b5 34. Rg1+ Kf6 35. Rxh4 bxc4 36. dxc4 Ke7 37. Rg3 Rb8 38. b3 a5 39. Rg6 a4 40. bxa4 Rb2+ 41. Kg3 Rxa2 42. Rhh6 Rxa4 43. Rxd6 Rxc4 44. Rhe6+ Kf8 45. Rxe5 Rc3 46. Rdd5 Rxe3 47. Rf5 c4 48. Rxf7+ Kxf7 49. Rc5 c3 50. Kf4 Rd3 51. e5 Ke6 52. Ke4 Rd2 53. Rc6+ Ke7 54. Rxc3 Re2+ 55. Kf5 Ke8 56. f4 Ke7 57. Rc7+ Ke8 58. Ra7 Rb2 59. Kf6 Rh2 60. e6 Rh6+ 61. Ke5 Rh2 62. f5 Re2+ 63. Kf6 Rd2 64. Ra8+ Rd8 65. Rxd8+ Kxd8 66. Kf7 1-0